 Dungeon Crawl Stone Soup version 0.30.0-29-ga12c61a403 (webtiles) character file.

Game seed: 16568333933534783884

35 Graphine the Trooper (level 3, 0/33 HPs)
             Began as a Minotaur Fighter on June 16, 2023.
             Killed from afar by Sigmund (22 damage)
             ... with a bolt of light
             ... on level 2 of the Dungeon.
             The game lasted 00:01:09 (853 turns).

Graphine the Trooper (Minotaur Fighter)              Turns: 853, Time: 00:01:09

Health: 0/33       AC:  7    Str: 22    XL:     3   Next: 16%
Magic:  2/2        EV:  9    Int:  5    God:
Gold:   39         SH:  0    Dex:  9    Spells: 2/2 levels left

rFire   . . .        a - +1 flail
rCold   . . .        c - +0 buckler
rNeg    . . .        b - +0 scale mail
rPois   .            (helmet restricted)
rElec   .            (no cloak)
rCorr   .            (no gloves)
SInv    .            (no boots)
Will    .....        (no amulet) Stlth
                     (no ring)
HPRegen 0.25/turn    (no ring)
MPRegen 0.08/turn

%: no passive effects
@: confused
A: horns 2, retaliatory headbutt
a: no special abilities


You were on level 2 of the Dungeon.
You visited 1 branch of the dungeon, and saw 2 of its levels.

You collected 39 gold pieces.

Inventory:

Hand Weapons
 a - a +1 flail (weapon)
Armour
 b - a +0 scale mail (worn)
 c - a +0 buckler (worn)
Potions
 d - a potion of might
 e - a potion of flight {unknown}
 g - a potion of brilliance {unknown}
 h - a potion of mutation {unknown}
 i - a potion of curing {unknown}


   Skills:
 * Level 4.1 Fighting
 * Level 3.0 Maces & Flails
 * Level 4.0 Armour
 * Level 4.1 Shields


You had 2 spell levels left.
You didn't know any spells.
Your spell library was empty.

Dungeon Overview and Level Annotations

Branches:
Dungeon (2/15)

Altars:

Annotations:
D:2 Sigmund


Innate Abilities, Weirdness & Mutations

You have a pair of horns on your head.
You reflexively headbutt those who attack you in melee.


Message History

The endoplasm quivers.
The bat hits you but does no damage.
Items here: ))) ††.
You miss the bat. Your headbutt misses the bat. The bat hits you.
The bat hits you but does no damage.
Found 5 stones.
The bat hits you but does no damage.
You sock the bat!
You kill the bat!
You block the endoplasm's attack. The endoplasm freezes you.
You are frozen.
You sock the endoplasm!
You kill the endoplasm!
No target in view!
No target in view!
Sigmund the Dreaded comes into view.
He is wielding a +0 scythe, wearing a +2 robe of fire resistance and carrying a wand of light (9).
Sigmund shouts!
A goblin comes into view. It is wielding a +0 club.
Sigmund casts a spell at you. The magic dart hits you.
The goblin shouts!
Sigmund casts a spell.
Sigmund flickers and vanishes!
Deactivating autopickup; reactivate with Ctrl-A.
Found 2 stones.
You are confused.
You hear a zap.
A bolt of light appears from out of thin air!
The bolt of light hits you.
You hear some strange, mumbled words.
You are more confused.
You hear a zap.
A bolt of light appears from out of thin air!
The bolt of light misses you. The goblin hits you but does no damage.
You hear a zap.
A bolt of light appears from out of thin air!
The bolt of light hits you!!
Ouch! That really hurt!
You die...

#..#.........#
..#.........#.
..............
#.#.........#
#.#.........#
.#####.#.........#
.......†.........##
#.#####...g.{.......
#...<.)..@......####
#######.###.....#
#.....(.###
######..# #..# #..#
#..# ..#


You could see a goblin.

Vanquished Creatures
  A dart slug (D:1)
  4 endoplasms
  3 goblins
  4 hobgoblins (D:1)
  7 jackals (D:1)
  A kobold (D:1)
  A quokka (D:1)
  A ball python (D:1)
  3 bats
  2 frilled lizards (D:1)
27 creatures vanquished.

Notes
Turn   | Place    | Note
-------+----------+-------------------------------------------
     0 | D:1      | Graphine the Minotaur Fighter began the quest for the Orb.
     0 | D:1      | Reached XP level 1. HP: 19/19 MP: 0/0
   149 | D:1      | Reached XP level 2. HP: 18/27 MP: 1/1
   694 | D:1      | Reached XP level 3. HP: 33/33 MP: 2/2
   843 | D:2      | Noticed Sigmund
   853 | D:2      | Killed from afar by Sigmund

Illustrated notes

Levels and vault maps discovered:
D:1:      dpeg_arrival_more_subterranean_lakeside_camping, layout_basic
D:2:      layout_loops_ring, minmay_misc_feat_enclosed,
          wander_ebering_terrifying_dragon_lair, uniq_sigmund, uniq_natasha

Skill      XL: |  1  2  3 |
---------------+----------+-----
Fighting       | 4 |  4.1
Armour         | 4 |  4.0
Shields        | 4 |  4.1
Maces & Flails | 3 |  3.0

Action                     || total
---------------------------++-------
  Melee: Flail             ||    64
         Headbutt          ||     6
    Use: Scroll            ||     1
 Armour: Scale mail        ||    39
  Dodge: Dodged            ||    31
  Block: Buckler           ||    16
